 Dungeon Crawl Stone Soup version 0.32-a0-468-g38b2580584 (webtiles) character file.

Game seed: 4790003375085544194

4957 shadizar the Zephyrmancer (level 10, -9/75 HPs)
             Began as a Djinni Earth Elementalist on Feb 24, 2024.
             Was a Priest of Makhleb.
             Shot with an arrow by a centaur (11 damage)
             ... on level 9 of the Dungeon.
             The game lasted 00:22:46 (8625 turns).

shadizar the Zephyrmancer (DjEE)                    Turns: 8625, Time: 00:22:47

Health: -9/75      AC:  5    Str:  7    XL:     10   Next: 82%
Gold:   481        EV: 15    Int: 21    God:    Makhleb [***...] SH:  0 Dex: 14

rFire   + + .        j - staff of alchemy
rCold   x . .        (no shield)
rNeg    . . .        e - +2 leather armour {Will+}
rPois   ∞            (no helmet)
rElec   .            (no cloak)
rCorr   .            (no gloves)
SInv    .            (boots unavailable)
Will    ++...        (no amulet)
Stlth   ++           c - ring of wizardry
HPRegen 0.32/turn    (no ring)
MPRegen 0.00/turn

%: wizardry (x1), infuse magic (-10 HP)
@: flying, hasted, studying Air Magic, very quick
A: sickness immunity, fire resistance 2, cold vulnerability 1, float, innate
caster, HP casting, extra vitality 1
a: Renounce Religion, Minor Destruction, Lesser Servant of Makhleb


You were on level 9 of the Dungeon.
You worshipped Makhleb.
Makhleb was most pleased with you.
You visited 2 branches of the dungeon, and saw 10 of its levels.

You collected 481 gold pieces.

Inventory:

Hand Weapons
 b - the +4 war axe "Ogreslayer" {freeze, rPois Will- Str+3 Dex+2}
   (You found it on level 6 of the Dungeon)

   Str+3:     It affects your strength (+3).
   Dex+2:     It affects your dexterity (+2).
   rPois:     It protects you from poison Will-: It decreases your willpower.
 d - a +2 dagger of speed
 u - a +6 scimitar of freezing
Armour
 a - a +1 ring mail of willpower
 e - a +2 leather armour of willpower (worn)
 y - a +1 robe of willpower
Magical Staves
 j - a staff of alchemy (weapon)
Jewellery
 c - a ring of wizardry (left hand)
 s - a ring of protection from fire
Wands
 g - a wand of roots (6)
 t - a wand of quicksilver (4)
 D - a wand of mindburst (11)
Scrolls
 f - 2 scrolls of poison
 m - 3 scrolls of enchant armour
 o - 2 scrolls of fear
 q - a scroll of teleportation
Potions
 i - 2 potions of haste
 k - a potion of brilliance
 p - 3 potions of cancellation
 r - 2 potions of enlightenment
 v - a potion of berserk rage {unknown}
 x - 2 potions of mutation {unknown}
 z - 2 potions of ambrosia {unknown}
 A - 2 potions of attraction {unknown}
 B - a potion of invisibility {unknown}


   Skills:
 - Level 7.1 Fighting
 - Level 2.6 Short Blades
 - Level 5.1 Armour
 - Level 8.2 Dodging
 - Level 1.5 Stealth
 + Level 8.0 Spellcasting
 + Level 8.0 Conjurations
 + Level 8.0 Hexes
   Level 0.0 Charms
 + Level 8.0 Summonings
 + Level 8.0 Necromancy
 + Level 8.0 Translocations
   Level 0.0 Transmutations
 + Level 8.0 Fire Magic
 + Level 8.0 Ice Magic
 + Level 9.0 Air Magic
 + Level 8.0 Earth Magic
 + Level 8.0 Alchemy


You knew the following spells:

 Your Spells              Type           Power      Damage    Failure   Level
a - Sandblast             Erth           84%        2d18      1%          1
b - Passwall              Erth           42%        N/A       1%          3
c - Stone Arrow           Conj/Erth      84%        3d12      1%          3
d - Petrify               Alch/Erth      59%        N/A       1%          4
e - Brom's Barrelling Bo  Conj/Erth      42%        2d6       1%          4
f - Apportation           Tloc           84%        N/A       1%          1
g - Searing Ray           Conj           84%        2d7       1%          2
h - Static Discharge      Conj/Air       88%        3-7/arc   1%          2
i - Vhi's Electric Charg  Tloc/Air       88%        N/A       1%          4
Your spell library was empty.

Dungeon Overview and Level Annotations

Branches:
Dungeon (9/15)             Temple (1/1) D:5             Orc (0/2) D:9
   Lair: D:8-11

Altars:
Ashenzari
Cheibriados
Dithmenos
Fedhas
Gozag
Hepliaklqana
Makhleb
Nemelex Xobeh
Okawaru
Qazlal
Ru
Trog
Wu Jian
Xom
Yredelemnul
Zin
The Shining One

Shops:
D:9 *

Annotations:
D:3 2 transporters, TobyConnect's ghost, amateur OpFi
D:8 3 runed translucent doors, hackum's ghost, novice DgHu
D:9 Amaemon


Innate Abilities, Weirdness & Mutations

You are immune to sickness and miasma.
You are immune to poison.
Your flesh is very heat resistant. (rF++)
You are vulnerable to cold. (rC-)
You float through the air rather than walking.
You learn spells naturally, not from books.
Your magical power is your life essence.
You have superior vitality. (+4 MHP)


Message History

Unknown command.
Unknown command.
Unknown command.
Unknown command.
An orc priest is nearby!
Okay, then.
Okay, then.
Okay, then.
Okay, then.
An orc priest is nearby!
The orc priest shouts!
Casting: Stone Arrow (safe; 1% risk of failure)
Confirm with . or Enter, or press ? or * to list all spells.
You can't see any susceptible monsters within range! (Use Z to cast anyway.)
The orc priest invokes the aid of Beogh against you.
Beogh smites you!
* * * LOW HITPOINT WARNING * * *
Casting: Stone Arrow (safe; 1% risk of failure)
Confirm with . or Enter, or press ? or * to list all spells.
Aiming: Stone Arrow (safe; 1% risk of failure)
Press: ? - help, Shift-Dir - straight line, f - orc priest
Aim: an orc priest, wielding a +0 flail (lightly wounded, 76% to hit)
The stone arrow hits the orc priest!!
You kill the orc priest!
Makhleb accepts your kill.
You feel better.
You hear a splash.
* * * LOW HITPOINT WARNING * * *
Your Air Magic skill increases to level 9!
Unknown command.
Unknown command.
A centaur is nearby!
The centaur shouts!
The centaur shoots an arrow.
The arrow closely misses you.
You feel yourself speed up.
The centaur shoots an arrow.
The arrow barely misses you.
The centaur shoots an arrow.
The arrow hits you!
* * * LOW HITPOINT WARNING * * *
The centaur shoots an arrow.
The arrow completely misses you.
The centaur shoots an arrow.
The arrow hits you!
You die...

. ~~...##
#.... ##
##~~....###
#..(# ≈#.
#≈≈~~.##..#
#...# ≈..
.~≈~~~....#
#<..# ~#
#≈≈~~.....#
###)).# ##
##.~~..##.#
#######.)...#
≈#
.#≈~~.....##
#...)...#..).
~.. .≈≈~....##
#.#)########.
~#. .
#h~~~.##@#
#.#...# #.. ##
.. ##.~)....##
#...ß)# #)ß ~#
...#~~~~..##.#
###...## ##..
~..
...~~c.....##
##.#'###'##
≈#. #≈~..##.##
#.##...## ##
##~....##
#.##.>.# .#
#....###
#.##)..# ##
######
##.#'###'#
####...## #..


You could see a centaur.

Vanquished Creatures
  Pikel (Temple)
  Jeremiah (D:6)
  Psyche (D:8)
  Grinder (D:6)
  Sigmund (D:6)
  3 yaks (D:9)
  A steam dragon (D:6)
  A black bear (D:8)
  2 orc warriors
  2 ice beasts
  A sky beast (D:7)
  2 ogres
  2 centaurs
  3 lemures (D:5)
  A phantom (D:7)
  4 bullfrogs
  A scorpion (D:6)
  10 wights
  5 howler monkeys
  An electric eel (D:9)
  3 hounds
  A jelly (D:4)
  5 orc priests
  A gnoll bouda (D:7)
  A sleepcap (D:6)
  3 iguanas
  15 orc wizards
  4 gnolls (D:7)
  6 adders
  4 dart slugs
  A ribbon worm (D:2)
  53 orcs
  6 ball pythons
  3 bats
  5 endoplasms
  5 giant cockroaches
  7 goblins
  8 hobgoblins
  3 frilled lizards
  7 kobolds
  5 rats
190 creatures vanquished.

Vanquished Creatures (collateral kills)
  A centaur (D:9)
1 creature vanquished.

Vanquished Creatures (others)
  6 boulders
6 creatures vanquished.

Grand Total: 197 creatures vanquished

Notes
Turn   | Place    | Note
-------+----------+-------------------------------------------
     0 | D:1      | shadizar the Djinni Earth Elementalist began the quest for
                  | the Orb.
     0 | D:1      | shadizar set off with the following spells memorised:
                  | Sandblast, Passwall, Stone Arrow, Petrify, Brom's
                  | Barrelling Boulder.
     0 | D:1      | Reached XP level 1. HP: 15/15 MP: 0/0
    88 | D:1      | Reached XP level 2. HP: 20/22 MP: 0/0
   238 | D:1      | Reached skill level 1 in Fighting
   239 | D:1      | Found a faded altar of an unknown god.
   328 | D:1      | Reached XP level 3. HP: 26/27 MP: 0/0
   328 | D:1      | Learned a level 1 spell: Apportation
   757 | D:2      | Reached XP level 4. HP: 31/32 MP: 0/0
  1351 | D:3      | Reached XP level 5. HP: 9/38 MP: 0/0
  1351 | D:3      | Learned a level 2 spell: Searing Ray
  1622 | D:3      | Noticed TobyConnect's ghost (amateur OpFi)
  1721 | D:3      | Found a transporter.
  1725 | D:3      | Found a transporter.
  1847 | D:3      | Found an iron altar of Okawaru.
  1958 | D:3      | Found a glowing golden altar of the Shining One.
  2171 | D:4      | Reached XP level 6. HP: 31/45 MP: 0/0
  2293 | D:4      | Reached skill level 4 in Air Magic
  2300 | D:4      | Found an opulent altar of Gozag.
  2820 | D:4      | Found a sparkling altar of Nemelex Xobeh.
  2945 | D:5      | Entered Level 5 of the Dungeon
  3029 | D:5      | Found a staircase to the Ecumenical Temple.
  3274 | D:5      | Noticed Pikel
  3315 | D:5      | HP: 1/46 [lemure[Pikel] (5)]
  3316 | Temple   | Entered the Ecumenical Temple
  3320 | Temple   | Killed Pikel
  3321 | Temple   | Reached skill level 5 in Dodging
  3321 | Temple   | Reached XP level 7. HP: 8/53 MP: 0/0
  3321 | Temple   | Learned a level 2 spell: Static Discharge
  3321 | Temple   | Reached XP level 8. HP: 9/58 MP: 0/0
  3636 | Temple   | Became a worshipper of Makhleb the Destroyer
  4352 | D:6      | Reached skill level 5 in Spellcasting
  4352 | D:6      | Reached skill level 5 in Conjurations
  4352 | D:6      | Reached skill level 5 in Hexes
  4352 | D:6      | Reached skill level 5 in Summonings
  4352 | D:6      | Reached skill level 5 in Necromancy
  4352 | D:6      | Reached skill level 5 in Translocations
  4352 | D:6      | Reached skill level 5 in Fire Magic
  4352 | D:6      | Reached skill level 5 in Ice Magic
  4352 | D:6      | Reached skill level 5 in Air Magic
  4352 | D:6      | Reached skill level 5 in Earth Magic
  4352 | D:6      | Reached skill level 5 in Alchemy
  4493 | D:6      | Reached skill level 5 in Fighting
  4493 | D:6      | Reached skill level 1 in Armour
  4559 | D:6      | Identified the +4 war axe "Ogreslayer" {freeze, rPois Will-
                  | Str+3 Dex+2}
  4711 | D:6      | Noticed Jeremiah
  4885 | D:6      | Killed Jeremiah
  4975 | D:6      | Noticed Sigmund
  4977 | D:6      | Killed Sigmund
  4978 | D:6      | Reached XP level 9. HP: 59/65 MP: 0/0
  4978 | D:6      | Learned a level 4 spell: Vhi's Electric Charge
  5025 | D:6      | Noticed Grinder
  5030 | D:6      | Killed Grinder
  5031 | D:6      | Reached skill level 6 in Air Magic
  5291 | D:6      | Found a bloodstained altar of Trog.
  6010 | D:7      | Reached XP level 10. HP: 60/73 MP: 0/0
  6016 | D:7      | Reached skill level 1 in Short Blades
  6180 | D:7      | Reached * piety under Makhleb
  6384 | D:7      | Reached skill level 7 in Air Magic
  6720 | D:7      | Identified a scroll of acquirement
  6720 | D:7      | Acquired a manual of Air Magic
  7356 | D:8      | Noticed Psyche
  7364 | D:8      | Killed Psyche
  7434 | D:8      | Found a runed translucent gate.
  7434 | D:8      | Found a runed translucent gate.
  7434 | D:8      | Found a runed translucent gate.
  7437 | D:8      | Noticed hackum's ghost (novice DgHu)
  7930 | D:9      | Reached ** piety under Makhleb
  8073 | D:9      | Reached skill level 8 in Air Magic
  8077 | D:9      | Reached skill level 5 in Armour
  8220 | D:9      | Found a staircase to the Orcish Mines.
  8352 | D:9      | Found Aqeanida's Assorted Antiques.
  8352 | D:9      | Noticed Amaemon
  8476 | D:9      | Reached *** piety under Makhleb
  8603 | D:9      | Reached skill level 9 in Air Magic
  8623 | D:9      | HP: 2/75 [centaur/arrow (8)]
  8625 | D:9      | Shot with an arrow by a centaur

Illustrated notes

Levels and vault maps discovered:
D:1:      amcnicky_arrival_flooded_fountain, layout_basic,
          dreamdust_ecumenical_altar_statues
D:2:      layout_loops_cross
D:3:      layout_rooms, mainiacjoe_overflow_alcove_4, mainiacjoe_overflow_swirl,
          gammafunk_ghost_arena, serial_rivers, chequers_serial_rivers_small_3,
          chequers_serial_rivers_micro_a, chequers_serial_rivers_room_a,
          chequers_serial_rivers_room_a, minmay_diced_spiral
D:4:      layout_loops_corners, nemelex_spade_bored_becter, lemuel_crystal_altar
D:5:      layout_basic, minmay_temple_entry_offerings, uniq_pikel
D:6:      layout_loops_ring, trog_butcher_becter, serial_glass, glass_columns_c,
          glass_columns_a, uniq_grinder, uniq_jeremiah, uniq_sigmund
D:7:      layout_loops_ring
D:8:      layout_basic, gammafunk_ghost_spectres, mrwooster_statue_mirror,
          uniq_psyche
D:9:      wad_lake_hut, layout_basic, hiddenorc2_lemuel, serial_shops,
          nicolae_diamond_shop, uniq_amaemon
Temple:   minmay_temple_curvy_branch

Skill      XL: |  1  2  3  4  5  6  7  8  9 10 |
---------------+-------------------------------+-----
Fighting       | 1 2 4 5 6 7 |  7.1
Dodging        | 3 4 5 6 7 8 |  8.2
Spellcasting   | 4 5 6 8 |  8.0
Conjurations   | 4 5 6 8 |  8.0
Hexes          | 4 5 6 8 |  8.0
Summonings     | 4 5 6 8 |  8.0
Necromancy     | 4 5 6 8 |  8.0
Translocations | 4 5 6 8 |  8.0
Fire Magic     | 4 5 6 8 |  8.0
Ice Magic      | 4 5 6 8 |  8.0
Air Magic      | 4 5 6 9 |  9.0
Earth Magic    | 4 5 6 8 |  8.0
Alchemy        | 4 5 6 8 |  8.0
Armour         | 2 4 5 |  5.1
Short Blades   | 2 |  2.6
Stealth        | |  1.5

Action                     |  1- 3 |  4- 6 |  7- 9 | 10-12 || total
---------------------------+-------+-------+-------+-------++-------
  Melee: Dagger            |       |     7 |       |       ||     7
         Staff             |       |       |    15 |     7 ||    22
   Cast: Sandblast         |    42 |    74 |    16 |     8 ||   140
         Stone Arrow       |       |     5 |    66 |   113 ||   184
         Searing Ray       |       |     2 |       |       ||     2
         Petrify           |       |       |     1 |       ||     1
         Brom's Barrelling |       |       |     5 |     2 ||     7
         Static Discharge  |       |       |       |     4 ||     4
         Vhi's Electric Ch |       |       |       |     1 ||     1
    Use: Potion            |       |     1 |       |     5 ||     6
         Scroll            |       |       |    14 |     8 ||    22
 Armour: Robe              |       |    30 |     2 |       ||    32
         Leather armour    |       |       |    33 |    45 ||    78
  Dodge: Dodged            |     4 |    49 |    20 |    45 ||   118

Table legend: (Time is in decaauts)
 A = Elapsed time spent in this place.
 B = Non-inter-level travel time spent in this place.
 C = Inter-level travel time spent in this place.
 D = Time resting spent in this place.
 E = Time spent auto-exploring this place.
 F = Levels seen in this place.
 G = Mean time per level.
                   A        B        C        D        E       F      G
               +--------+--------+--------+--------+--------+-----+--------+
         Total |   8701 |   8542 |    159 |      0 |   6624 |  10 |  870.1 |
       Dungeon |   8345 |   8186 |    159 |      0 |   6459 |   9 |  927.2 |
        Temple |    355 |    355 |      0 |      0 |    165 |   1 |  355.0 |
               +--------+--------+--------+--------+--------+-----+--------+

Top non-repeatable levels by time:
     D:7: 1324 daAuts
     D:5: 1145 daAuts
     D:6: 1066 daAuts
     D:8: 1063 daAuts
     D:4: 894 daAuts
     D:3: 789 daAuts
     D:9: 749 daAuts
     D:1: 709 daAuts
     D:2: 603 daAuts
  Temple: 355 daAuts
